 Dungeon Crawl Stone Soup version 0.20.1-1-g8b1a95d (webtiles) character file.

2625 Lennu the Slasher (level 9, -8/68 HPs)
             Began as a Demonspawn Fighter on July 13, 2017.
             Mangled by Duvessa
             ... wielding a +3 rapier of venom
              (13 damage)
             ... on level 6 of the Dungeon.
             The game lasted 00:19:19 (4231 turns).

Lennu the Slasher (Demonspawn Fighter)              Turns: 4231, Time: 00:19:20

Health: -8/68      AC: 12    Str: 18    XL:     9   Next: 34%
Magic:  9/9        EV:  9    Int:  9    God:
Gold:   210        SH:  0    Dex: 15    Spells: 8/8 levels left

rFire    . . .     SeeInvis .   h - +3 great sword (curse)
rCold    . . .     Gourm    .   (shield currently unavailable)
rNeg     . . .     Faith    .   o - +0 chain mail of Loss {rElec rCorr}
rPois    .         Spirit   .   x - +0 hat
rElec    +         Reflect  .   n - +0 cloak
rCorr    +         Harm     .   l - +0 pair of gloves
MR       .....                  (no boots)
Stlth    ..........             j - amulet of regeneration
Regen    0.7/turn               y - ring of ice
MPRegen  0.2/turn               r - ring of fire

@: confused, lethally poisoned (-8 -> -38)
A: horns 1, demonic guardian 1
a: no special abilities


You were on level 6 of the Dungeon.
You were not hungry.

You visited 1 branch of the dungeon, and saw 6 of its levels.

You collected 210 gold pieces.

Inventory:

Hand Weapons
 a - a +0 long sword
 h - a cursed +3 great sword (weapon)
Armour
 c - a +0 shield
 l - a +0 pair of gloves (worn)
 n - a +0 cloak (worn)
 o - the +0 chain mail of Loss (worn) {rElec rCorr}
   (You found it on level 4 of the Dungeon)

   It insulates you from electricity.
   It protects you from acid and corrosion.
 x - a +0 hat (worn)
Jewellery
 g - an uncursed amulet of the gourmand
 j - an amulet of regeneration (around neck)
 r - a ring of fire (right hand)
 y - a ring of ice (left hand)
Wands
 b - a wand of digging (6/24)
 k - a wand of digging (16/24)
 t - a wand of iceblast (1/15)
 A - a wand of scattershot (6/9)
Scrolls
 d - 3 scrolls of teleportation {unknown}
 i - 2 scrolls of magic mapping
 m - 2 scrolls of blinking
 q - a scroll of random uselessness {unknown}
 u - 3 scrolls of amnesia {unknown}
 v - a scroll of enchant armour {unknown}
 z - a scroll of fog {unknown}
Potions
 e - a potion of ambrosia
Books
 p - a book of Air

   Spells                             Type                      Level
   a - Shock                          Conjuration/Air              1
   b - Swiftness                      Charms/Air                   2
   c - Static Discharge               Conjuration/Air              3
   d - Airstrike                      Air                          4
   e - Lightning Bolt                 Conjuration/Air              5
Comestibles
 f - 4 bread rations
 s - 11 chunks of flesh
 w - a royal jelly


   Skills:
 * Level 5.1 Fighting
 * Level 7.0 Long Blades
 * Level 6.2 Armour
 * Level 3.6 Dodging
 + Level 0.8 Stealth
 * Level 5.8 Shields


You had 8 spell levels left.
You didn't know any spells.

Dungeon Overview and Level Annotations

Branches:
Dungeon (6/15)
 Temple: D:4-7

Altars:
Elyvilon
Hepliaklqana
Qazlal
The Shining One

Annotations:
D:6 Duvessa


Innate Abilities, Weirdness & Mutations

You have a pair of small horns on your head.
A weak demonic guardian rushes to your aid.


Message History

* * * LOW HITPOINT WARNING * * *
You feel very sick. Duvessa closely misses you. Duvessa completely misses you.
Your white imp gestures at Duvessa.
The puff of frost hits Duvessa.
You slash Duvessa!
Duvessa is almost dead.
* * * LOW HITPOINT WARNING * * *
You feel very sick. Duvessa barely misses you.
Your white imp hits Duvessa but does no damage.
Duvessa hits you with a rapier of venom.
* * * LOW HITPOINT WARNING * * *
You are more poisoned.
You are confused.
You feel invigorated.
* * * LOW HITPOINT WARNING * * *
You feel very sick.
Duvessa hits you with a rapier of venom!
You die...

#<.#####.......#......# #.##.###.
#......'.......#.....## #.#......
#.######.......#....## .####...
#............###.#### .. .......
.....###########.## (..#####..
.....#####.... ... .........#(
.........#..####5###.............
###......#....#.e.........####.#.
#.........#.#.@# . ........#.
#......#.##.#..#.... ........#.
###.####.............#.......#.
.... ###.....#...###.......#.
#..............#.............#.
#.....##.#.....'.........#..[..
.... #.#....##.........#..... ...
# ...........# # #....#...##.


You could see Duvessa (berserk) and a friendly white imp.

Vanquished Creatures
  The ghost of Lennu the Covered, an amateur DsFi (D:4)
  Sigmund (D:6)
  Eustachio (D:6)
  Edmund (D:6)
  Menkaure (D:4)
  An orc warrior (D:6)
  A phantom (D:5)
  An ice beast (D:5)
  2 ogres
  2 centaurs
  2 bullfrogs (D:6)
  2 scorpions (D:4)
  A water moccasin skeleton (D:6)
  Dowan (D:6)
  4 wights
  A howler monkey (D:6)
  2 crimson imps
  2 hounds
  3 orc priests
  A centaur skeleton (D:5)
  2 orc wizards
  2 bullfrog skeletons
  2 worker ants
  A hound zombie (D:5)
  A worker ant zombie (D:5)
  4 gnolls (D:3)
  5 adders
  2 oozes
  3 worms
  3 dart slugs
  A leopard gecko (D:3)
  7 orcs
  A giant cockroach (D:6)
  3 goblins
  4 hobgoblins
  3 jackals (D:3)
  A quokka (D:2)
  2 ball pythons
  6 bats
  5 frilled lizards
  8 kobolds
  A leopard gecko zombie (D:5)
  4 rats
102 creatures vanquished.

Vanquished Creatures (collateral kills)
  The ghost of Goboxel the Slasher, a novice DsGl of Makhleb (D:6)
  An ice beast (D:5)
  An ogre (D:5)
  A scorpion (D:4)
  A hound (D:5)
  2 adders
  3 orcs
10 creatures vanquished.

Grand Total: 112 creatures vanquished

Notes
Turn   | Place    | Note
-------+----------+-------------------------------------------
     0 | D:1      | Lennu the Demonspawn Fighter began the quest for the Orb.
     0 | D:1      | Reached XP level 1. HP: 18/18 MP: 1/1
   242 | D:1      | Gained mutation: You have a pair of small horns on your head. [demonic ancestry]
   242 | D:1      | Reached XP level 2. HP: 24/24 MP: 2/2
   380 | D:1      | Reached skill level 2 in Long Blades
   909 | D:2      | Reached XP level 3. HP: 29/29 MP: 3/3
  1195 | D:3      | Reached XP level 4. HP: 33/35 MP: 4/4
  1266 | D:3      | Found a faded altar of an unknown god.
  1272 | D:3      | Found a white marble altar of Elyvilon.
  1317 | D:3      | Reached XP level 5. HP: 36/41 MP: 5/5
  1341 | D:3      | Reached skill level 1 in Dodging
  1533 | D:3      | Reached skill level 3 in Long Blades
  1919 | D:4      | Noticed Lennu's ghost (amateur DsFi)
  1919 | D:4      | Gained mutation: A weak demonic guardian rushes to your aid. [demonic ancestry]
  1919 | D:4      | Reached XP level 6. HP: 48/48 MP: 6/6
  1930 | D:4      | Killed Lennu's ghost
  2019 | D:4      | Got a pitted chain mail
  2030 | D:4      | Identified the +0 chain mail of Loss {rElec rCorr} (You found it on level 4 of the Dungeon)
  2083 | D:4      | Reached skill level 4 in Long Blades
  2083 | D:4      | Reached XP level 7. HP: 37/53 MP: 7/7
  2286 | D:4      | Noticed Menkaure
  2291 | D:4      | Killed Menkaure
  2380 | D:5      | Entered Level 5 of the Dungeon
  2480 | D:5      | Found a stormy altar of Qazlal.
  2504 | D:5      | Got a slimy hand crossbow
  2505 | D:5      | Identified the +6 hand crossbow of Guile {elec, rElec rF+ Dex-2 Stlth+} (You found it on level 5 of the Dungeon)
  2531 | D:5      | Reached skill level 5 in Long Blades
  2600 | D:5      | HP: 2/54 [orc priest (2)]
  2605 | D:5      | Reached XP level 8. HP: 6/60 MP: 8/8
  2749 | D:5      | Reached skill level 5 in Shields
  2937 | D:5      | Found a glowing golden altar of the Shining One.
  2945 | D:5      | Reached skill level 5 in Armour
  3344 | D:6      | Noticed Goboxel's ghost (novice DsGl)
  3471 | D:6      | Killed Goboxel's ghost
  3471 | D:6      | Reached skill level 6 in Long Blades
  3799 | D:6      | Reached XP level 9. HP: 62/67 MP: 9/9
  3973 | D:6      | Noticed Eustachio
  3984 | D:6      | Killed Eustachio
  4032 | D:6      | Noticed Edmund
  4044 | D:6      | Killed Edmund
  4044 | D:6      | Reached skill level 5 in Fighting
  4161 | D:6      | Found a hazy altar of Hepliaklqana.
  4171 | D:6      | Noticed Dowan
  4172 | D:6      | Noticed Sigmund
  4174 | D:6      | Killed Dowan
  4181 | D:6      | Killed Sigmund
  4181 | D:6      | Reached skill level 7 in Long Blades
  4216 | D:6      | Noticed Duvessa
  4231 | D:6      | Mangled by Duvessa

Skill      XL: |  1  2  3  4  5  6  7  8  9 |
---------------+----------------------------+-----
Long Blades    | 2 3 4 5 6 7 |  7.0
Armour         | 3 4 5 6 |  6.2
Shields        | 3 4 5 |  5.8
Dodging        | 1 2 3 |  3.6
Fighting       | 4 5 |  5.1
Stealth        | |  0.8

Action                   |  1- 3 |  4- 6 |  7- 9 || total
-------------------------+-------+-------+-------++-------
Melee: Long sword        |    73 |   136 |   200 ||   409
       Headbutt          |    10 |    31 |    48 ||    89
       Great sword       |       |       |    42 ||    42
  Use: Scroll            |       |     4 |     1 ||     5
       Potion            |       |     1 |     6 ||     7
 Stab: Distracted        |       |       |     6 ||     6
  Eat: Chunk             |     2 |     3 |     1 ||     6
       Meat ration       |       |       |     1 ||     1
       Royal jelly       |       |       |     1 ||     1
Armor: Scale mail        |    45 |    60 |       ||   105
       Chain mail        |       |     1 |    68 ||    69
       Skin              |       |       |     8 ||     8
Dodge: Dodged            |    20 |    43 |    48 ||   111
Block: Shield            |    46 |    95 |    97 ||   238
       Rpst.: Long sword |     3 |    10 |     5 ||    18
       Great sword       |       |       |     4 ||     4
